 Dungeon Crawl Stone Soup version 0.29-a0-559-g359e09b9d1 (webtiles) character file.

Game seed: 8696597558600829900

6573 Locuples the Severer (level 10, -6/88 HPs)
             Began as a Minotaur Fighter on June 10, 2022.
             Was a Follower of the Shining One.
             Mangled by a nine-headed hydra (11 damage)
             ... on level 1 of the Lair of Beasts.
             The game lasted 00:21:28 (10238 turns).

Locuples the Severer (Minotaur Fighter)            Turns: 10238, Time: 00:21:29

Health: -6/88      AC: 19    Str: 24 (25) XL:     10   Next: 70%
Magic:  9/9        EV:  7    Int:  3 (5)  God:    the Shining One [*.....]
Gold:   529        SH:  4    Dex:  8 (10) Spells: 9/9 levels left

rFire   . . .      SeeInvis .   a - +0 war axe
rCold   . . .      Faith    .   c - +0 buckler
rNeg    . . .      Spirit   .   J - +0 plate armour
rPois   +          Reflect  .   (helmet restricted)
rElec   .          Harm     .   (no cloak)
rCorr   .          Rampage  .   (no gloves)
Will    .....                   L - +0 pair of boots
Stlth   ..........              (no amulet)
HPRegen 0.24/turn               I - ring of poison resistance
MPRegen 0.11/turn               i - +4 ring of protection

@: mighty, glowing
A: horns 2, retaliatory headbutt
a: Renounce Religion, Divine Shield


You were on level 1 of the Lair of Beasts.
You worshipped the Shining One.
The Shining One was aware of your devotion.
You visited 3 branches of the dungeon, and saw 10 of its levels.
You also visited: Sewer.

You collected 611 gold pieces.
You spent 82 gold pieces at shops.

Inventory:

Hand Weapons
 a - a +0 war axe (weapon)
Armour
 c - a +0 buckler (worn)
 J - a +0 plate armour (worn)
 L - a +0 pair of boots (worn)
Jewellery
 i - a +4 ring of protection (right hand)
 m - a ring of flight
 C - a ring of positive energy
 I - a ring of poison resistance (left hand)
Wands
 y - a wand of acid (8)
 H - a wand of iceblast (9)
Scrolls
 d - 5 scrolls of identify {unknown}
 e - 2 scrolls of blinking {unknown}
 f - a scroll of vulnerability {unknown}
 g - a scroll of poison {unknown}
 h - 4 scrolls of fear
 j - 3 scrolls of magic mapping {unknown}
 k - 6 scrolls of teleportation {unknown}
 n - 2 scrolls of fog {unknown}
 o - 4 scrolls of enchant weapon
 p - a scroll of amnesia {unknown}
 q - 2 scrolls of enchant armour {unknown}
 r - a scroll of noise {unknown}
 s - a scroll of brand weapon {unknown}
 t - 3 scrolls of summoning {unknown}
 K - a scroll of silence {unknown}
Potions
 b - 3 potions of haste {unknown}
 l - 3 potions of attraction {unknown}
 u - 3 potions of magic {unknown}
 v - a potion of ambrosia {unknown}
 x - 3 potions of brilliance {unknown}
 z - a potion of berserk rage {unknown}
 A - a potion of resistance
 B - a potion of lignification {unknown}
 E - a potion of mutation {unknown}
 F - 2 potions of flight {unknown}
 G - a potion of invisibility {unknown}


   Skills:
 + Level 7.9 Fighting
 * Level 15.1 Axes
 + Level 9.4 Armour
 + Level 2.0 Dodging
 + Level 5.8 Shields


You had 9 spell levels left.
You didn't know any spells.
Your spell library contained the following spells:

 Spells                   Type           Power      Damage    Failure   Level
 Static Discharge         Conj/Air       0%         N/A       100%        2
 Dazzling Flash           Conj/Hex       0%         N/A       100%        3
 Airstrike                Air            0%         N/A       100%        4
 Dispel Undead            Necr           0%         3d6       100%        4
 Hailstorm                Conj/Ice       0%         3d3       100%        4
 Ice Form                 Ice/Tmut       0%         N/A       100%        4
 Iskenderun's Mystic Bla  Conj/Tloc      0%         2d3       100%        4
 Sticky Flame             Conj/Fire      0%         2d3       100%        4
 Summon Lightning Spire   Summ/Air       0%         N/A       100%        4
 Lightning Bolt           Conj/Air       0%         1d11      100%        5
 Simulacrum               Ice/Necr       0%         N/A       100%        6
 Starburst                Conj/Fire      0%         6d3       100%        6


Dungeon Overview and Level Annotations

Branches:
Dungeon (8/15)             Temple (1/1) D:5            Lair (1/6) D:8
  Sewer (visited)

Altars:
Ashenzari
Cheibriados
Dithmenos
Elyvilon
Fedhas
Gozag
Hepliaklqana
Kikubaaqudgha
Makhleb
Nemelex Xobeh
Okawaru
Qazlal
Ru
Sif Muna
Trog
Uskayaw
Vehumet
Wu Jian
Xom
Yredelemnul
Zin
The Shining One

Shops:
D:6 *   D:7 [


Innate Abilities, Weirdness & Mutations

You have a pair of horns on your head.
You reflexively headbutt those who attack you in melee.


Message History

Okay, then.
Aiming: Corrosive Bolt
Press: ? - help, Q - select action, (/) - cycle Shift-Dir - straight line, f - nine-headed hydra
Aim: a nine-headed hydra (moderately wounded, haloed, 93% to hit)
The bolt of acid hits the nine-headed hydra!
The nine-headed hydra is heavily wounded.
The nine-headed hydra barely misses you.
The nine-headed hydra bites you!
* * * LOW HITPOINT WARNING * * *
The nine-headed hydra bites you but does no damage.
The nine-headed hydra bites you.
* * * LOW HITPOINT WARNING * * *
The nine-headed hydra barely misses you.
The nine-headed hydra bites you.
* * * LOW HITPOINT WARNING * * *
The nine-headed hydra bites you.
* * * LOW HITPOINT WARNING * * *
The nine-headed hydra bites you but does no damage. x2
You see here a yak skeleton.
The nine-headed hydra attacks as you move away!
You block the nine-headed hydra's attack.
The nine-headed hydra bites you but does no damage.
You block the nine-headed hydra's attack.
The nine-headed hydra bites you but does no damage. x2
You block the nine-headed hydra's attack.
The nine-headed hydra barely misses you.
The nine-headed hydra bites you but does no damage.
The nine-headed hydra bites you.
* * * LOW HITPOINT WARNING * * *
It was a potion of degeneration.
There was something very wrong with that liquid.
You feel weakened.
You feel dopey.
You feel clumsy.
You block the nine-headed hydra's attack.
The nine-headed hydra bites you but does no damage.
The nine-headed hydra closely misses you.
You block the nine-headed hydra's attack.
The nine-headed hydra bites you!
* * * LOW HITPOINT WARNING * * *
The nine-headed hydra bites you!
You die...

##.....##....##............
(.###......####........##.....#
#........### #....########...#
##.....### ##...## ##.##
#.##..# #....# #.# #.. ###÷...#
#.# ## ##.÷###..# #.## #.D.#
#..# #..# ###.@## #..## #...
#.#..# #..# ##.. ##...# ..##
##. ####....# ##.P# ##
........## #..## # ######...##
##.# ### ##...## #..# #..
#P....###..### ##.
##.......#..P# #.


You could see a nine-headed hydra.

Vanquished Creatures
  Amaemon (D:8)
  An ugly thing (D:8)
  An orange demon (D:8)
  A cane toad (Lair:1)
  Psyche (D:8)
  A komodo dragon (Lair:1)
  Grinder (D:6)
  A hornet (D:8)
  Sigmund (D:2)
  A wyvern (D:8)
  5 yaks (Lair:1)
  A steam dragon (D:7)
  An acid dragon (D:8)
  Duvessa (D:6)
  A water moccasin (D:6)
  3 black bears (D:8)
  Pargi (Sewer)
  2 sky beasts (D:7)
  An orc warrior (D:8)
  A centaur (D:8)
  A gnoll sergeant (D:8)
  2 necrophages
  2 bullfrogs
  A scorpion (D:6)
  A wight (D:4)
  Dowan (D:6)
  9 killer bees
  3 howler monkeys (D:8)
  5 jellies
  3 hounds (D:5)
  Crazy Yiuf (D:2)
  2 orc priests (D:5)
  2 gnoll shamans
  Terence (D:2)
  Natasha (twice) (D:2)
  3 orc wizards
  22 gnolls
  8 adders
  3 ufetubi
  2 worms
  4 dart slugs
  34 orcs
  7 ball pythons
  9 endoplasms
  7 giant cockroaches
  4 goblins
  7 hobgoblins
  8 jackals
  3 quokkas
  4 bats
  5 frilled lizards (D:2)
  8 kobolds
  5 rats
206 creatures vanquished.

Vanquished Creatures (others)
  20 fungi (D:8)
  27 plants
47 creatures vanquished.

Grand Total: 253 creatures vanquished

Notes
Turn   | Place    | Note
-------+----------+-------------------------------------------
     0 | D:1      | Locuples the Minotaur Fighter began the quest for the Orb.
     0 | D:1      | Reached XP level 1. HP: 19/19 MP: 0/0
   241 | D:1      | Reached XP level 2. HP: 27/27 MP: 1/1
   466 | D:1      | Reached skill level 3 in Axes
   913 | D:2      | Found a faded altar of an unknown god.
   913 | D:2      | Noticed Natasha
   917 | D:2      | Killed Natasha
   918 | D:2      | Reached XP level 3. HP: 29/33 MP: 2/2
  1223 | D:2      | Found a runed translucent door.
  1224 | D:2      | Noticed Crazy Yiuf
  1229 | D:2      | Killed Crazy Yiuf
  1230 | D:2      | Reached skill level 4 in Axes
  1230 | D:2      | Reached XP level 4. HP: 36/40 MP: 3/3
  1284 | D:2      | Noticed Terence
  1297 | D:2      | Killed Terence
  1325 | D:2      | Noticed Natasha
  1331 | D:2      | Killed Natasha
  1332 | D:2      | Reached skill level 5 in Axes
  1332 | D:2      | Reached XP level 5. HP: 31/47 MP: 4/4
  1537 | D:2      | Noticed Sigmund
  1553 | D:2      | Killed Sigmund
  1554 | D:2      | Reached skill level 6 in Axes
  1554 | D:2      | Reached XP level 6. HP: 25/53 MP: 5/5
  2234 | D:3      | Found a glowing drain.
  2254 | Sewer    | Entered a sewer
  2489 | Sewer    | Noticed Pargi
  2494 | Sewer    | Killed Pargi
  2495 | Sewer    | Reached skill level 7 in Axes
  2495 | Sewer    | Reached skill level 5 in Armour
  2658 | D:3      | You fall into a shaft and drop 3 floors!
  2658 | D:6      | Found Garaham's General Store.
  2662 | D:6      | Bought a scroll of enchant weapon for 82 gold pieces
  2680 | D:6      | Reached XP level 7. HP: 35/60 MP: 6/6
  2953 | D:6      | Noticed Grinder
  2980 | D:6      | Killed Grinder
  2981 | D:6      | Reached skill level 5 in Fighting
  2981 | D:6      | Reached skill level 8 in Axes
  3062 | D:6      | Noticed Dowan
  3071 | D:6      | Noticed Duvessa
  3086 | D:6      | Killed Duvessa
  3092 | D:6      | Killed Dowan
  3093 | D:6      | Reached skill level 1 in Dodging
  3110 | D:6      | Reached skill level 9 in Axes
  3344 | D:6      | Reached XP level 8. HP: 19/68 MP: 7/7
  3781 | D:5      | Entered Level 5 of the Dungeon
  4280 | D:5      | Identified the +1 robe "Kievi" {rF++ MP+9}
  4318 | D:5      | Found a staircase to the Ecumenical Temple.
  4365 | Temple   | Entered the Ecumenical Temple
  4507 | Temple   | Became a worshipper of the Shining One
  4960 | D:5      | Reached skill level 10 in Axes
  6352 | D:7      | Reached skill level 11 in Axes
  6584 | D:7      | Reached XP level 9. HP: 66/75 MP: 8/8
  7193 | D:7      | Found Hiolue's Armour Emporium.
  7555 | D:7      | Found a broken altar of Ashenzari.
  7746 | D:7      | Reached skill level 5 in Shields
  8058 | D:8      | Identified the +8 glaive of Hatred {vamp, rCorr}
  8101 | D:8      | Reached skill level 12 in Axes
  8279 | D:8      | Noticed Amaemon
  8281 | D:8      | Noticed an orange demon
  8319 | D:8      | Killed an orange demon
  8329 | D:8      | Killed Amaemon
  8330 | D:8      | Reached skill level 13 in Axes
  8591 | D:8      | Identified the +0 robe of the Beekeeper {rCorr Int+3 Stlth-
                  | Archmagi}
  8592 | D:8      | Reached * piety under the Shining One
  8603 | D:8      | Reached XP level 10. HP: 57/86 MP: 9/9
  8829 | D:8      | Paralysed by a hornet for 2 turns
  8836 | D:8      | Paralysed by a hornet for 3 turns
  9126 | D:8      | Noticed a white ugly thing
  9130 | D:8      | Noticed Psyche
  9137 | D:8      | Killed a white ugly thing
  9145 | D:8      | Killed Psyche
  9146 | D:8      | Reached skill level 14 in Axes
  9420 | D:8      | Found a staircase to the Lair.
  9426 | Lair:1   | Entered Level 1 of the Lair of Beasts
  9604 | Lair:1   | Noticed a cane toad
  9609 | Lair:1   | Killed a cane toad
  9906 | Lair:1   | Reached skill level 15 in Axes
 10212 | Lair:1   | Noticed a six-headed hydra
 10238 | Lair:1   | Mangled by a nine-headed hydra

Illustrated notes

Levels and vault maps discovered:
D:1:      lightli_arrival_chessboard, layout_loops_ring
D:2:      layout_basic, basic_ecumenical_altar, uniq_terence, uniq_natasha,
          uniq_crazy_yiuf_cottage, uniq_sigmund
D:3:      layout_basic, cheibrodos_sewer_entry_sluice, grunt_decor_resistance,
          uniq_ijyb, uniq_jessica
D:4:      minmay_razor_zed, layout_basic, st_stairs_6
D:5:      layout_gridville, minmay_temple_entry_antechambers, enter_ossuary_5
D:6:      layout_rooms, serial_shops, shop, grunt_ministairs_7, uniq_grinder,
          uniq_duvessa
D:7:      layout_basic, nicolae_ashenzari_panopticon, serial_shops,
          nicolae_shop_behind_doors, chequers_serial_rivers_large_b,
          kennysheep_generic_room_11
D:8:      layout_basic, grunt_lair_entry_orc_guard_hut, dk_rats_in_the_wall,
          uniq_psyche, uniq_amaemon
Temple:   mainiacjoe_temple_archimedes_tessellation
Lair:1:   layout_layer_cave, grunt_megastairs_3, uniq_erica

Skill      XL: |  1  2  3  4  5  6  7  8  9 10 |
---------------+-------------------------------+-----
Axes           | 3 4 5 6 7 9 11 13 15 | 15.1
Fighting       | 4 5 6 7 |  7.9
Armour         | 4 5 6 7 8 9 |  9.4
Shields        | 4 5 |  5.8
Dodging        | 1 2 |  2.0

Action                   |  1- 3 |  4- 6 |  7- 9 | 10-12 || total
-------------------------+-------+-------+-------+-------++-------
Melee: War axe           |    54 |    81 |   282 |    82 ||   499
       Headbutt          |     2 |    12 |    70 |    25 ||   109
Evoke: Wand              |       |       |       |     1 ||     1
  Use: Potion            |       |       |     7 |     2 ||     9
       Scroll            |       |       |     1 |       ||     1
Armor: Scale mail        |    25 |       |       |       ||    25
       Chain mail        |     5 |    43 |   147 |       ||   195
       Plate armour      |       |       |    46 |    62 ||   108
Dodge: Dodged            |    25 |    25 |   129 |    23 ||   202
Block: Buckler           |    10 |    18 |    64 |    19 ||   111

Table legend: (Time is in decaauts)
 A = Elapsed time spent in this place.
 B = Non-inter-level travel time spent in this place.
 C = Inter-level travel time spent in this place.
 D = Time resting spent in this place.
 E = Time spent auto-exploring this place.
 F = Levels seen in this place.
 G = Mean time per level.
                   A        B        C        D        E       F      G
               +--------+--------+--------+--------+--------+-----+--------+
         Total |  10299 |  10299 |      0 |   1271 |   7231 |  11 |  936.3 |
       Dungeon |   8884 |   8884 |      0 |   1271 |   6036 |   8 | 1110.5 |
        Temple |    237 |    237 |      0 |      0 |    192 |   1 |  237.0 |
          Lair |    803 |    803 |      0 |      0 |    712 |   1 |  803.0 |
         Sewer |    374 |    374 |      0 |      0 |    291 |   1 |  374.0 |
               +--------+--------+--------+--------+--------+-----+--------+

Top non-repeatable levels by time:
     D:7: 1718 daAuts
     D:8: 1436 daAuts
     D:2: 1324 daAuts
     D:5: 1311 daAuts
     D:6: 1145 daAuts
     D:4: 948 daAuts
     D:1: 876 daAuts
  Lair:1: 803 daAuts
   Sewer: 374 daAuts
  Temple: 237 daAuts
     D:3: 123 daAuts
